 Dungeon Crawl Stone Soup version 0.29.0-11-gd7f09526c8 (webtiles) character file.

Game seed: 9298334507544881552

10 gelatine the Chopper (level 2, -1/23 HPs)
             Began as a Palentonga Gladiator on Sept 5, 2022.
             Slain by a goblin
             ... wielding a +0 dagger
              (2 damage)
             ... on level 1 of the Dungeon.
             The game lasted 00:00:36 (77 turns).

gelatine the Chopper (Palentonga Gladiator)           Turns: 77, Time: 00:00:37

Health: -1/23      AC:  5    Str: 19    XL:     2   Next: 10%
Magic:  2/2        EV: 10    Int:  8    God:
Gold:   15         SH:  0    Dex: 11    Spells: 1/1 levels left

rFire   . . .      SeeInvis +   a - +0 war axe
rCold   . . .      Faith    .   (no shield)
rNeg    . . .      Spirit   .   b - +0 leather armour
rPois   .          Reflect  .   c - +0 helmet
rElec   .          Harm     .   (no cloak)
rCorr   .          Rampage  .   (no gloves)
Will    .....                   (no barding)
Stlth   +.........              (no amulet)
HPRegen 0.07/turn               (no ring)
MPRegen 0.08/turn               (no ring)

@: no status effects
A: large, rugged brown scales 3, see invisible, deformed body, roll 1, armoured
tail
a: Rolling Charge


You were on level 1 of the Dungeon.
You visited 1 branch of the dungeon, and saw 1 of its levels.

You collected 15 gold pieces.

Inventory:

Hand Weapons
 a - a +0 war axe (weapon)
Missiles
 d - 2 throwing nets
 e - a javelin
Armour
 b - a +0 leather armour (worn)
 c - a +0 helmet (worn)


   Skills:
 + Level 2.0 Fighting
 + Level 3.4 Axes
 + Level 1.4 Throwing
 + Level 2.5 Dodging


You had one spell level left.
You didn't know any spells.
Your spell library was empty.

Dungeon Overview and Level Annotations

Branches:
Dungeon (1/15)

Altars:


Innate Abilities, Weirdness & Mutations

You are completely covered in rugged brown scales. (AC +3, +7% HP)
You have supernaturally acute eyesight. (SInv)
Armour fits poorly on your strangely shaped body.
You can roll at nearby foes to attack.
You have a long armoured tail.


Message History

A gnoll comes into view. It is wielding a +0 vorpal spear.
The hobgoblin hits you.
The kobold shouts!
You hit the hobgoblin.
The hobgoblin is heavily wounded.
You closely miss the goblin. The hobgoblin hits you.
The goblin hits you but does no damage.
You slash the hobgoblin!
You kill the hobgoblin!
You closely miss the goblin.
A kobold comes into view. It is wielding a +0 dagger.
The gnoll hits you from afar with a +0 vorpal spear.
* * * LOW HITPOINT WARNING * * *
x2 The goblin hits you but does no damage.
A hobgoblin comes into view.
Found a dagger.
The hobgoblin shouts!
The kobold shouts!
The giant cockroach bites you but does no damage.
The giant cockroach attacks as you move away!
The giant cockroach bites you.
* * * LOW HITPOINT WARNING * * *
The giant cockroach attacks as you move away!
The giant cockroach closely misses you.
The giant cockroach attacks as you move away!
The giant cockroach bites you but does no damage.
The giant cockroach barely misses you.
You slash the giant cockroach!
You kill the giant cockroach!
You have reached level 2!
You hit the kobold.
You kill the kobold!
The gnoll hits you but does no damage.
The gnoll hits you with a +0 vorpal spear.
* * * LOW HITPOINT WARNING * * *
x2
Things that are here:
a +0 short sword; 3 stones You hit the gnoll.
You tail-slap the gnoll.
You kill the gnoll!
The goblin hits you with a +0 dagger.
You die...

.:.. ...# #.... ...#
##....####...#
......g......#
......K..†..# #.#
#.)g.g##K# .# #.# #......†#
.# #.##############..##.#
+.....##....@g.Kg)...#
#####......#...#######...#
~~~~#.###..#...#######...##
#~#~#........†............#
<~#≈#...†......#......#...#
~≈≈≈#.###..#####......#...#
'####.# #.)... #....†.....#
...##.###.####.#......##..#
##........# #..........#


You could see a hobgoblin, a goblin and a kobold.

Vanquished Creatures
  A gnoll (D:1)
  An endoplasm (D:1)
  A giant cockroach (D:1)
  2 hobgoblins (D:1)
  A kobold (D:1)
  2 ball pythons (D:1)
  A frilled lizard (D:1)
  A rat (D:1)
10 creatures vanquished.

Notes
Turn   | Place    | Note
-------+----------+-------------------------------------------
     0 | D:1      | gelatine the Palentonga Gladiator began the quest for the
                  | Orb.
     0 | D:1      | Reached XP level 1. HP: 17/17 MP: 1/1
    75 | D:1      | Reached XP level 2. HP: 4/23 MP: 2/2
    76 | D:1      | HP: 1/23 [gnoll/+0 vorpal spear (1)]
    77 | D:1      | Slain by a goblin

Illustrated notes

Levels and vault maps discovered:
D:1:      ncdulo_wetmaze, layout_basic, serial_shops, shop_fountains,
          hellmonk_ecumenical_altar_dog_temple

Action                   || total
-------------------------++-------
Melee: War axe           ||    19
       Tailslap          ||     1
Throw: Throwing net      ||     1
 Abil: Rolling Charge    ||     5
Armor: Leather armour    ||     8
Dodge: Dodged            ||     6
